 Dungeon Crawl Stone Soup version 0.30-a0-371-gad7725a93e (webtiles) character file.

Game seed: 3611730773344554809

28 FalseProphet the Slasher (level 3, -14/33 HPs)
             Began as a Minotaur Berserker on Nov 22, 2022.
             Was a Follower of Trog.
             Engulfed by a cloud of flame (23 damage)
             ... on level 1 of the Dungeon.
             The game lasted 00:00:42 (436 turns).

FalseProphet the Slasher (Minotaur Berserker)        Turns: 436, Time: 00:00:43

Health: -14/33     AC:  2    Str: 23    XL:     3   Next: 0%
Magic:  2/2        EV: 12    Int:  4    God:    Trog [*.....]
Gold:   29         SH:  0    Dex:  9    Spells: 2/2 levels left

rFire   . . .      SeeInvis .    a - +0 falchion
rCold   . . .      Faith    .    (no shield)
rNeg    . . .      Spirit   .    b - +0 animal skin
rPois   .          Reflect  .    (helmet restricted)
rElec   .          Harm     .    (no cloak)
rCorr   .          Rampage  .    (no gloves)
Will    .....                    (no boots)
Stlth   +.........               d - amulet of the acrobat
HPRegen 0.25/turn                (no ring)
MPRegen 0.08/turn                (no ring)

@: no status effects
A: horns 2, retaliatory headbutt
a: Renounce Religion, Berserk


You were on level 1 of the Dungeon.
You worshipped Trog.
Trog was aware of your devotion.
You visited 1 branch of the dungeon, and saw 1 of its levels.

You collected 29 gold pieces.

Inventory:

Hand Weapons
 a - a +0 falchion (weapon)
Armour
 b - a +0 animal skin (worn)
Jewellery
 d - an amulet of the acrobat (around neck)
Potions
 c - a potion of heal wounds {unknown}


   Skills:
 + Level 4.1 Fighting
 + Level 4.3 Long Blades
 + Level 2.6 Armour
 + Level 2.6 Dodging


You had 2 spell levels left.
You didn't know any spells.
Your spell library was empty.

Dungeon Overview and Level Annotations

Branches:
Dungeon (1/15)

Altars:
Nemelex Xobeh

Shops:
D:1 =


Innate Abilities, Weirdness & Mutations

You have a pair of horns on your head.
You reflexively headbutt those who attack you in melee.


Message History

A goblin comes into view. It is wielding a +0 club.
The goblin shouts!
You hit the hobgoblin but do no damage. You headbutt the hobgoblin.
The hobgoblin is moderately wounded.
The hobgoblin closely misses you. You furiously retaliate!
You headbutt the hobgoblin. You hit the hobgoblin.
Your headbutt misses the hobgoblin.
The hobgoblin is severely wounded.
The hobgoblin closely misses you.
You completely miss the hobgoblin.
The hobgoblin is severely wounded.
The hobgoblin closely misses you. You furiously retaliate!
You headbutt the hobgoblin!
You kill the hobgoblin!
Trog accepts your kill. The goblin completely misses you.
You see here a hobgoblin corpse.
You slash the goblin!
You kill the goblin!
Trog accepts your kill.
You have reached level 3!
Your experience leads to an increase in your attributes!
Increase (S)trength, (I)ntelligence, or (D)exterity?
You feel stronger. x2
e - a scroll labelled SIOTSA QAUTIG A bat comes into view.
A bat is nearby!
A bat is nearby!
As you read the scroll labelled SIOTSA QAUTIG, it crumbles to dust.
The creatures around you are filled with an inner flame!
It was a scroll of immolation.
You barely miss the bat. You headbutt the bat. Trog accepts your kill.
The bat explodes!
The fiery explosion engulfs you!!
Ouch! That really hurt!
* * * LOW HITPOINT WARNING * * *
You are engulfed in blazing flames.
Ouch! That really hurt!
You die...

#.......# ### #.......#
....
#.......########....
#####...................
#...........##..........
#...........+...§§§.....
#...........##..@§§.....
#...)...†)..###.####....
#...............# .
#......##.##.######
....................
#~~~~~~~~~~~~~~~~~~.
#~..8..........8..~.#
#~.##############.~.# .#
#~8#.#§§§.#~~~~~#8~. ...


There were no monsters in sight!

Vanquished Creatures
  5 bats (D:1)
  3 giant cockroaches (D:1)
  3 goblins (D:1)
  4 hobgoblins (D:1)
  4 jackals (D:1)
  A quokka (D:1)
  3 ball pythons (D:1)
  A frilled lizard (D:1)
  A kobold (D:1)
25 creatures vanquished.

Notes
Turn   | Place    | Note
-------+----------+-------------------------------------------
     0 | D:1      | FalseProphet the Minotaur Berserker began the quest for the
                  | Orb.
     0 | D:1      | Reached XP level 1. HP: 19/19 MP: 0/0
    67 | D:1      | Reached XP level 2. HP: 17/27 MP: 1/1
   200 | D:1      | Found a sparkling altar of Nemelex Xobeh.
   282 | D:1      | Found Kocruco's Jewellery Shoppe.
   418 | D:1      | Reached XP level 3. HP: 33/33 MP: 2/2
   436 | D:1      | Engulfed by a cloud of flame

Illustrated notes

Levels and vault maps discovered:
D:1:      lightli_arrival_isolated_outpost, layout_basic, serial_shops,
          shop_fountains, serial_bayou_pond_c, minmay_hexomino_r4

Skill      XL: |  1  2 |
---------------+-------+-----
Fighting       | 4 |  4.1
Long Blades    | 4 |  4.3
Armour         | |  2.6
Dodging        | |  2.6

Action                   || total
-------------------------++-------
Melee: Falchion          ||    59
       Headbutt          ||     7
       Punch             ||     1
  Use: Scroll            ||     1
Armor: Animal skin       ||    13
Dodge: Dodged            ||    60

Table legend: (Time is in decaauts)
 A = Elapsed time spent in this place.
 B = Non-inter-level travel time spent in this place.
 C = Inter-level travel time spent in this place.
 D = Time resting spent in this place.
 E = Time spent auto-exploring this place.
 F = Levels seen in this place.
 G = Mean time per level.
                   A        B        C        D        E       F      G
               +--------+--------+--------+--------+--------+-----+--------+
         Total |    445 |    445 |      0 |      0 |    311 |   1 |  445.0 |
       Dungeon |    445 |    445 |      0 |      0 |    311 |   1 |  445.0 |
               +--------+--------+--------+--------+--------+-----+--------+

Top non-repeatable levels by time:
     D:1: 445 daAuts
